 Dungeon Crawl Stone Soup version 0.21.1-1-g345015f (webtiles) character file.

15344 HyperWeapon the Spear-Bearer (level 12, -14/97 HPs)
             Began as a Merfolk Abyssal Knight on June 21, 2018.
             Was a Priest of Lugonu.
             Demolished by a nine-headed hydra (16 damage)
             ... on level 2 of the Lair of Beasts on June 22, 2018.
             The game lasted 01:32:27 (16650 turns).

HyperWeapon the Spear-Bearer (MfAK)                Turns: 16650, Time: 01:32:27

Health: -14/97     AC:  9    Str: 15    XL:     12   Next: 26%
Magic:  17/21      EV: 26    Int: 11    God:    Lugonu [***...]
Gold:   656        SH:  0    Dex: 16    Spells: 11/11 levels left

rFire    . . .     SeeInvis .   e - +0 glaive
rCold    + . .     Gourm    .   (shield currently unavailable)
rNeg     . . .     Faith    .   D - +2 leather armour {rC+}
rPois    +         Spirit   .   (no helmet)
rElec    .         Reflect  .   k - +1 cloak
rCorr    .         Harm     .   l - +1 pair of gloves
MR       .....                  (no boots)
Stlth    +.........             (no amulet)
HPRegen  0.26/turn              a - ring of Phasing {EV+8}
MPRegen  0.17/turn              m - ring of poison resistance

@: no status effects
A: change form in water, swift swim, stealthy swim
a: Depart the Abyss, Bend Space, Banish, Renounce Religion


You were on level 2 of the Lair of Beasts.
You worshipped Lugonu.
Lugonu was most pleased with you.
You were not hungry.

You visited 2 branches of the dungeon, and saw 13 of its levels.
You visited the Abyss 1 time.

You collected 831 gold pieces.
You spent 175 gold pieces at shops.

Inventory:

Hand Weapons
 e - a +0 glaive (weapon)
 B - the +2 falchion "Hops" {slice, MR+}
   (You found it on level 4 of the Dungeon)

   It inflicts extra damage upon your enemies.
   It affects your resistance to hostile enchantments.
 C - a +1 trident
Missiles
 i - 5 throwing nets
 y - 5 tomahawks (quivered)
Armour
 k - a +1 cloak (worn)
 l - a +1 pair of gloves (worn)
 D - a +2 leather armour of cold resistance (worn)
Jewellery
 a - the ring of Phasing (left hand) {EV+8}
   (You found it on level 7 of the Dungeon)

   [ring of evasion]

   It affects your evasion (+8).
 m - a ring of poison resistance (right hand)
 q - an uncursed ring of protection from cold
 x - an uncursed ring of ice
Wands
 b - a wand of scattershot (4)
 E - a wand of flame (25)
Scrolls
 d - 2 scrolls of immolation
 j - 6 scrolls of teleportation
 n - 2 scrolls of magic mapping
 o - 4 scrolls of identify
 p - a scroll of enchant weapon
 t - 2 scrolls of blinking
 F - 2 scrolls of remove curse
 G - a scroll of fog {unknown}
 H - a scroll of fear
Potions
 f - 3 potions of mutation
 g - 2 potions of berserk rage {unknown}
 h - 2 potions of lignification
 s - 3 potions of brilliance
 v - a potion of curing
 w - a potion of degeneration {unknown}
 z - 2 potions of ambrosia {unknown}
Miscellaneous
 u - a crystal ball of energy
Comestibles
 c - 10 rations


   Skills:
 + Level 9.8 Fighting
 + Level 14.8 Polearms
 - Level 4.3 Armour
 + Level 9.3 Dodging
 + Level 12.0 Invocations


You had 11 spell levels left.
You didn't know any spells.

Dungeon Overview and Level Annotations

Branches:
Dungeon (11/15)            Temple (0/1) D:6            Lair (2/6) D:9
  Swamp (0/4) Lair:2          Orc (0/2) D:10
  Snake: Lair:2-4    Spider: Lair:2-4

Altars:
Cheibriados
Gozag
Kikubaaqudgha
Makhleb
Ru
Sif Muna
Trog
Wu Jian
Yredelemnul

Shops:
D:5 ?   D:9 =   D:10 *   D:11 %

Annotations:
D:4 exclusion: downstairs
D:5 exclusions: door, downstairs and two-headed ogre
D:6 2 transporters HORNET
D:9 corrupted
D:11 corrupted
Abyss:1 Sonja


Message History

The nine-headed hydra completely misses you. x2
The nine-headed hydra bites you. x2
* * * LOW HITPOINT WARNING * * *
The nine-headed hydra barely misses you.
The nine-headed hydra bites you.
* * * LOW HITPOINT WARNING * * *
Press: ? - help, Shift-Dir - straight line, f/p - nine-headed hydra
Aim: a nine-headed hydra (lightly wounded, chance to defeat MR: 60%)
The nine-headed hydra resists with significant effort.
You feel somewhat more hungry. The nine-headed hydra misses you.
The nine-headed hydra bites you!
* * * LOW HITPOINT WARNING * * *
The nine-headed hydra bites you but does no damage.
The nine-headed hydra completely misses you.
The nine-headed hydra misses you.
The nine-headed hydra closely misses you.
The nine-headed hydra bites you!
* * * LOW HITPOINT WARNING * * *
The nine-headed hydra bites you!
You die...

#... #..#...P###PF##
(.P.....##.##.........#.
........#..(....###.##..
§P§P#...#.P###..# ###...
§§§§§......#...#####...#
§§§§§§.#.......##......#
§§§§...##........#...###
..§§..D......<...#..##
§..§...@...)........#
.P§.#)..............# .
##..............#
##...P#....#.###
#..>.#.<##### #.......#
....#.PP## #......###
#...####


You could see a nine-headed hydra.

Vanquished Creatures
  A two-headed ogre (D:11)
  2 gargoyles
  Psyche (D:8)
  2 spiny frogs (Lair:1)
  2 komodo dragons
  The ghost of theblackcape the Summoner, a novice BaSu of Sif Muna (D:7)
  A harpy zombie (D:10)
  A polar bear (Lair:1)
  A hornet (D:10)
  2 trolls
  4 blink frogs (Lair:1)
  A shadow (D:10)
  A wraith (D:10)
  7 yaks
  A hungry ghost (D:10)
  An acid dragon (D:10)
  3 water moccasins
  5 porcupines
  5 sky beasts
  2 ice beasts
  3 orc warriors
  3 black bears
  4 phantoms
  8 centaurs
  3 ogres
  6 wolves (Lair:1)
  3 crocodiles
  An eye of draining (D:11)
  8 bullfrogs
  A gnoll sergeant (D:8)
  A wyvern zombie (D:11)
  3 scorpions
  7 howler monkeys
  A wight (D:8)
  7 crimson imps
  A bullfrog zombie (D:11)
  2 quasits
  9 hounds
  3 jellies
  2 bullfrog skeletons
  7 orc priests
  A centaur skeleton (D:4)
  5 iguanas
  9 orc wizards
  10 worker ants
  A killer bee zombie (D:8)
  9 gnolls
  14 adders
  3 shadow imps
  An adder zombie (D:5)
  3 adder skeletons
  3 worms
  3 dart slugs
  6 leopard geckos
  31 orcs
  9 bats
  4 giant cockroaches
  7 goblins
  8 hobgoblins
  6 jackals
  4 quokkas
  A ball python skeleton (D:6)
  2 frilled lizards
  A giant cockroach zombie (D:6)
  A jackal zombie (D:5)
  5 kobolds
  11 rats
  A spectral orc (D:9)
286 creatures vanquished.

Vanquished Creatures (others)
  A hydra (Lair:2)
  The ghost of twistedcrescendo the Fighter, a novice MiBe of Trog (D:11)
  2 two-headed ogres
  An ugly thing (D:11)
  A black mamba (Lair:1)
  A komodo dragon (D:9)
  A shadow (D:11)
  2 yaks
  An orc warrior (D:7)
  A sky beast (D:11)
  2 ogres (D:11)
  4 boggarts (D:11)
  3 killer bees (D:11)
  A howler monkey (D:9)
  A crimson imp (D:11)
  An orc wizard (D:11)
  3 gnolls (D:9)
  An adder (D:11)
  3 orcs (D:11)
  2 fungi
  32 plants
  6 starspawn tentacles
  4 toadstools (D:1)
75 creatures vanquished.

Grand Total: 361 creatures vanquished

Notes
Turn   | Place    | Note
-------+----------+-------------------------------------------
     0 | Abyss:1  | HyperWeapon the Merfolk Abyssal Knight began the quest for the Orb.
     0 | Abyss:1  | Reached XP level 1. HP: 18/18 MP: 2/2
    55 | Abyss:1  | Noticed a small abomination
    57 | D:1      | Escaped the Abyss
   105 | D:1      | Reached * piety under Lugonu
   225 | D:1      | Reached skill level 4 in Polearms
   225 | D:1      | Reached XP level 2. HP: 19/24 MP: 3/3
   652 | D:1      | Reached skill level 5 in Polearms
   652 | D:1      | Reached XP level 3. HP: 29/29 MP: 4/4
  1124 | D:2      | Reached ** piety under Lugonu
  1193 | D:2      | Reached skill level 6 in Polearms
  1355 | D:2      | Reached XP level 4. HP: 35/35 MP: 5/5
  1508 | D:2      | Found an ornate altar of the Wu Jian Council.
  2140 | D:3      | Reached skill level 7 in Polearms
  2403 | D:3      | Reached XP level 5. HP: 34/41 MP: 6/6
  2914 | D:4      | Reached skill level 8 in Polearms
  2950 | D:4      | Got a transparent falchion
  2953 | D:4      | Identified the +2 falchion "Hops" {slice, MR+} (You found it on level 4 of the Dungeon)
  3151 | D:4      | Reached skill level 9 in Polearms
  3151 | D:4      | Reached XP level 6. HP: 42/47 MP: 7/7
  3391 | D:4      | Reached *** piety under Lugonu
  3401 | D:4      | Reached skill level 10 in Polearms
  3769 | D:5      | Entered Level 5 of the Dungeon
  3788 | D:5      | Reached XP level 7. HP: 51/52 MP: 8/8
  3863 | D:5      | Found Qyedun's Magic Scroll Shoppe.
  3876 | D:5      | Bought a scroll of teleportation for 39 gold pieces
  3876 | D:5      | Bought a scroll of teleportation for 39 gold pieces
  3876 | D:5      | Bought a scroll of enchant weapon for 97 gold pieces
  3962 | D:5      | Reached skill level 11 in Polearms
  4304 | D:5      | Noticed a two-headed ogre
  4541 | D:5      | Found an opulent altar of Gozag.
  4543 | D:5      | Found a snail-covered altar of Cheibriados.
  4654 | D:5      | Found a sacrificial altar of Ru.
  4657 | D:5      | Found a burning altar of Makhleb.
  4659 | D:5      | Found a deep blue altar of Sif Muna.
  4698 | D:6      | Reached skill level 12 in Polearms
  4705 | D:6      | Found a transporter.
  4707 | D:6      | Noticed a kobold demonologist
  4712 | D:6      | Reached XP level 8. HP: 27/58 MP: 9/9
  4920 | D:6      | Found a transporter.
  5275 | D:6      | Found a staircase to the Ecumenical Temple.
  5335 | D:6      | Reached skill level 13 in Polearms
  5668 | D:6      | Reached skill level 14 in Polearms
  5979 | D:7      | Noticed a hornet
  6402 | D:7      | Found a bloodstained altar of Trog.
  6412 | D:7      | Noticed theblackcape's ghost (novice BaSu)
  6447 | D:7      | Found an ancient bone altar of Kikubaaqudgha.
  6484 | D:7      | Noticed a troll
  6493 | D:7      | Killed a troll
  6493 | D:7      | Reached skill level 1 in Armour
  6493 | D:7      | Reached XP level 9. HP: 40/65 MP: 11/11
  6794 | D:7      | Killed theblackcape's ghost
  6880 | D:7      | Reached **** piety under Lugonu
  6978 | D:7      | Reached skill level 5 in Invocations
  7011 | D:7      | Found the ring of Phasing {EV+8}
  7635 | D:7      | Reached skill level 5 in Dodging
  8136 | D:8      | Reached skill level 5 in Fighting
  8194 | D:8      | Noticed a troll
  8213 | D:8      | Killed a troll
  8295 | D:8      | Noticed Psyche
  8353 | D:8      | Killed Psyche
  8688 | D:8      | Reached XP level 10. HP: 76/76 MP: 15/15
  9299 | D:9      | Noticed a two-headed ogre
  9551 | D:9      | Found Xotziev's Jewellery Emporium.
  9921 | D:9      | Found a staircase to the Lair.
  9943 | D:9      | Corrupted D:9
  9943 | D:9      | Noticed a large abomination
  9943 | D:9      | Noticed a tentacled starspawn
  9943 | D:9      | Noticed a tentacled starspawn
  9947 | D:9      | Killed a two-headed ogre
  9965 | D:9      | Noticed a worldbinder
  9966 | D:9      | Noticed a kobold demonologist
  9991 | D:9      | Noticed a bone dragon
 10217 | D:9      | Found a basalt altar of Yredelemnul.
 10347 | D:10     | Entered Level 10 of the Dungeon
 10352 | D:10     | Found Wifao's Assorted Antiques.
 10843 | D:10     | Found a staircase to the Orcish Mines.
 11074 | D:10     | Noticed a gargoyle
 11074 | D:10     | Noticed a two-headed ogre
 11080 | D:10     | Banished a two-headed ogre
 11080 | D:10     | Reached XP level 11. HP: 85/85 MP: 18/18
 11100 | D:10     | Reached skill level 10 in Invocations
 12097 | D:11     | Noticed a green ugly thing
 12098 | D:11     | Corrupted D:11
 12098 | D:11     | Noticed a large abomination
 12098 | D:11     | Noticed a great orb of eyes
 12098 | D:11     | Noticed a starcursed mass
 12098 | D:11     | Noticed a sixfirhy
 12098 | D:11     | Noticed a starcursed mass
 12098 | D:11     | Noticed a tentacled starspawn
 12098 | D:11     | Noticed a thrashing horror
 12098 | D:11     | Noticed a thrashing horror
 12098 | D:11     | Noticed an Executioner
 12098 | D:11     | Noticed a tentacled starspawn
 12100 | D:11     | Killed a green ugly thing
 12102 | D:11     | Noticed a sixfirhy
 12107 | D:11     | Noticed a thrashing horror
 12126 | D:11     | Noticed a lich
 12128 | D:11     | Noticed a cacodemon
 12270 | D:11     | Noticed a large abomination
 12280 | D:11     | Noticed Sonja
 12305 | D:11     | Banished Sonja
 12459 | D:11     | Noticed a cyan ugly thing
 12586 | D:11     | Noticed twistedcrescendo's ghost (novice MiBe)
 12806 | D:11     | Banished twistedcrescendo's ghost
 13469 | D:11     | Found Kaowam's Food Shop.
 13726 | D:11     | Noticed a two-headed ogre
 13734 | D:11     | Killed a two-headed ogre
 13857 | Lair:1   | Entered Level 1 of the Lair of Beasts
 15063 | Lair:1   | Reached XP level 12. HP: 83/95 MP: 20/20
 15719 | Lair:2   | Found a staircase to the Swamp.
 16116 | Lair:2   | Noticed an eight-headed hydra
 16394 | Lair:2   | Noticed a four-headed hydra
 16416 | Lair:2   | Banished a four-headed hydra
 16640 | Lair:2   | Noticed a five-headed hydra
 16650 | Lair:2   | HP: 2/97 [nine-headed hydra (13)]
 16650 | Lair:2   | Demolished by a nine-headed hydra

Skill      XL: |  1  2  3  4  5  6  7  8  9 10 11 12 |
---------------+-------------------------------------+-----
Polearms       | 4 5 6 7 9 10 12 14 | 14.8
Dodging        | 3 5 8 9 |  9.3
Armour         | 1 3 4 |  4.3
Invocations    | 3 6 9 11 12 | 12.0
Fighting       | 5 7 9 |  9.8

Action                   |  1- 3 |  4- 6 |  7- 9 | 10-12 || total
-------------------------+-------+-------+-------+-------++-------
Melee: Spear             |   140 |   161 |    32 |       ||   333
       Trident           |       |    52 |   377 |   740 ||  1169
       Tailslap          |       |       |     3 |     2 ||     5
       Glaive            |       |       |       |   175 ||   175
Throw: Stone             |     6 |    46 |     8 |       ||    60
       Tomahawk          |       |       |    76 |    99 ||   175
       Javelin           |       |       |     8 |       ||     8
       Throwing net      |       |       |     1 |     1 ||     2
Invok: Depart the Abyss  |     1 |       |       |       ||     1
       Bend Space        |       |       |    11 |    30 ||    41
       Banish            |       |       |     1 |     8 ||     9
       Corrupt           |       |       |       |     2 ||     2
Evoke: Wand              |       |       |       |     4 ||     4
  Use: Scroll            |       |    19 |     5 |     1 ||    25
       Potion            |       |     1 |     1 |     3 ||     5
 Stab: Sleeping          |       |     1 |     1 |       ||     2
       Invisible         |       |       |     1 |       ||     1
       Distracted        |       |       |       |     3 ||     3
  Eat: Chunk             |     1 |     8 |     2 |    20 ||    31
       Ration            |       |       |     4 |     3 ||     7
Armor: Leather armour    |    25 |    22 |    73 |    80 ||   200
       Skin              |       |       |       |     4 ||     4
Dodge: Dodged            |    55 |    76 |   165 |   620 ||   916
